[Event "Team Championship (men rapid)"]
[Site "Sochi"]
[Date "2017.10.03"]
[Round "2.24"]
[White "Barskij, Vladimir"]
[Black "Hasangatin, Ramil"]
[Result "1/2-1/2"]
[ECO "B01"]
[WhiteElo "2387"]
[BlackElo "2499"]
[PlyCount "108"]
[EventDate "2017.??.??"]
[TimeControl "1200+180"]
[WhiteClock "0:01:22"]
[BlackClock "0:02:24"]

1. e4 d5 2. exd5 Qxd5 3. Nc3 Qd6 4. d4 Nf6 5. Nb5 Qd8 6. c4 c6 7. Nc3 g6 8. Nf3
Bg7 9. Be2 O-O 10. O-O Ne8 11. h3 Nd6 12. Bf4 Nd7 13. Qd2 Re8 14. Rad1 Nf6 15.
Be5 Be6 16. b3 Nde4 17. Nxe4 Nxe4 18. Qe3 Nf6 19. Ng5 Bf5 20. g4 Bc8 21. f4 Bh6
22. Bd3 Nd7 23. Qg3 Nxe5 24. dxe5 Bxg5 25. fxg5 Be6 26. Kg2 Qa5 27. Rf2 Rad8
28. Rdf1 Rd4 29. Bf5 gxf5 30. gxf5 Bc8 31. g6 Rd2 (31... hxg6 32. fxg6 f6 33.
exf6) 32. gxh7+ Kh8 33. f6 (33. Kh1 Rxf2 34. Rg1) 33... exf6 34. exf6 Rxf2+ 35.
Rxf2 Bxh3+ 36. Qxh3 Qg5+ 37. Qg3 Qxg3+ (37... Qh6) 38. Kxg3 Kxh7 39. Rd2 Kg6
40. Rd7 Rb8 41. Rd6 Kf5 42. c5 Ke5 43. Kf3 a5 44. Ke3 Rh8 45. Rd7 Rh3+ 46. Kd2
Kxf6 47. Rxb7 Ke6 48. Rc7 Kd5 49. Rxf7 Kxc5 50. Rf5+ Kb6 51. Kc2 Rh2+ 52. Kb1
Rg2 53. Rf4 Kb5 54. Rc4 Rh2 1/2-1/2

[Event "Team Championship (men rapid)"]
[Site "Sochi"]
[Date "2017.10.03"]
[Round "3.32"]
[White "Kamrukov, Alexey"]
[Black "Barskij, Vladimir"]
[Result "1/2-1/2"]
[ECO "D37"]
[WhiteElo "2117"]
[BlackElo "2387"]
[PlyCount "110"]
[EventDate "2017.??.??"]
[TimeControl "1200+370"]
[WhiteClock "0:00:16"]
[BlackClock "0:00:17"]

1. d4 Nf6 2. c4 e6 3. Nf3 d5 4. Nc3 Be7 5. e3 O-O 6. Bd3 dxc4 7. Bxc4 a6 8. O-O
b5 9. Bd3 Bb7 10. Qe2 c5 11. a3 Nbd7 12. Rd1 Qb6 13. Bc2 Rfd8 14. dxc5 Nxc5 15.
Rxd8+ Rxd8 16. e4 Ncxe4 17. Nxe4 Bxe4 18. Bxe4 Nxe4 19. Qxe4 Rd1+ 20. Ne1 Qc6
21. Qe3 Bf6 22. g3 Bd4 (22... g6) 23. Qe2 Rxc1 24. Rxc1 Qxc1 25. Qe4 g6 26.
Qxd4 Qxe1+ 27. Kg2 h5 28. h4 Qe2 29. Qd8+ Kh7 30. Qa8 Qxb2 31. Qxa6 Qb3 32. Qa7
Qd5+ 33. Kh2 Qf5 34. Qe3 Kg8 35. Qa7 Qd5 36. Qe3 Kg7 37. Qa7 e5 38. Qa6 Qc4 39.
Kg2 Qe4+ 40. Kh2 Qe2 41. Kg2 e4 42. Qa7 Qf3+ 43. Kg1 Qd1+ 44. Kg2 Qd5 45. Qe3
Kf6 46. Qb6+ Ke5 47. Kh2 Qc4 48. Kg2 Kf5 49. Qe3 Kf6 50. Qb6+ Kg7 51. Qa7 Qd3
52. Qc5 Qf3+ 53. Kg1 e3 54. Qe5+ Kf8 55. fxe3 Qd1+ 1/2-1/2

[Event "Team Championship (men rapid)"]
[Site "Sochi"]
[Date "2017.10.03"]
[Round "4.20"]
[White "Barskij, Vladimir"]
[Black "Lugovskoy, Maxim"]
[Result "0-1"]
[ECO "C11"]
[WhiteElo "2387"]
[BlackElo "2507"]
[PlyCount "42"]
[EventDate "2017.??.??"]
[TimeControl "1200+210"]
[WhiteClock "0:00:54"]
[BlackClock "0:11:33"]

1. e4 e6 2. Nf3 d5 3. Nc3 Nf6 4. e5 Nfd7 5. d4 c5 6. dxc5 Be7 7. Bf4 O-O 8. Qd2
Nxc5 9. Be2 b6 10. O-O Ba6 11. Bxa6 Nbxa6 12. a3 Rc8 13. b4 Nd7 14. Nb5 Rc4 15.
Nxa7 Nc7 16. b5 Qa8 17. Nc6 Bc5 18. Bh6 Qa4 19. Bxg7 (19. Qg5 Rg4 20. Ne7+ Bxe7
21. Qxe7 gxh6 22. h3 Rc4 23. Qxd7 Nxb5 24. Rfb1) 19... Kxg7 20. Qg5+ Kh8 21.
Qh6 Qxc2 0-1

[Event "Team Championship (men rapid)"]
[Site "Sochi"]
[Date "2017.10.03"]
[Round "5.28"]
[White "Zaichikov, Andrey"]
[Black "Barskij, Vladimir"]
[Result "1-0"]
[ECO "B40"]
[WhiteElo "2048"]
[BlackElo "2387"]
[PlyCount "61"]
[EventDate "2017.??.??"]
[TimeControl "1200+275"]
[WhiteClock "0:00:18"]
[BlackClock "0:00:33"]

1. e4 c5 2. Nf3 e6 3. d3 d5 4. Nbd2 Nc6 5. g3 g6 6. Bg2 Bg7 7. O-O Nf6 8. c3
O-O 9. e5 Nd7 10. d4 cxd4 11. cxd4 f6 12. exf6 Qxf6 13. Nb3 h6 14. h4 Nb6 15.
Qc2 Nc4 16. Bf4 b6 17. Rad1 Bd7 (17... Ba6) (17... Nb4 18. Qb1 Qf5 19. a3 (19.
Qxf5 Rxf5 20. a3 Nc6)) 18. Nbd2 Nxd2 19. Qxd2 Kh7 20. Rfe1 Rac8 21. Ne5 Nxe5
22. Bxe5 Qf5 23. Bxg7 Kxg7 24. Rc1 Qf6 25. f4 Rc4 26. Rxc4 dxc4 27. d5 Rd8 28.
Re5 Bc8 (28... Bc6 29. d6 Bd5 30. Bxd5 Rxd6) 29. Qe3 exd5 30. Bxd5 Kf8 31. Bxc4
{Ke8} 1-0